 Dungeon Crawl Stone Soup version 0.28.0 (webtiles) character file.

Game seed: 11786944066761137391

1484 browni3141 the Skirmisher (level 8, 0/71 HPs)
             Began as a Minotaur Berserker on Feb 15, 2022.
             Was a Priest of Trog.
             Slain by a gnoll (3 damage)
             ... on level 5 of the Dungeon.
             The game lasted 00:02:41 (5497 turns).

browni3141 the Skirmisher (Minotaur Berserker)      Turns: 5497, Time: 00:02:42

Health: 0/71       AC:  2    Str: 32    XL:     8   Next: 50%
Magic:  7/7        EV: 13    Int:  4    God:    Trog [***...]
Gold:   217        SH:  6    Dex: 13    Spells: 7/7 levels left

rFire   + . .      SeeInvis +   h - +0 war axe
rCold   x . .      Faith    .   q - +1 buckler "Zerghaizeu" {+Inv Str+2 Dex+2}
rNeg    . . .      Spirit   .   b - +0 animal skin
rPois   .          Reflect  .   (helmet restricted)
rElec   .          Harm     .   (no cloak)
rCorr   .          Rampage  .   (no gloves)
Will    .....                   (no boots)
Stlth   +.........              o - amulet of the acrobat
HPRegen 0.21/turn               k - ring of see invisible
MPRegen 0.10/turn               w - ring of Esedir {Fire Str+7}

@: on berserk cooldown, slowed, very slow
A: horns 2, retaliatory headbutt
a: Renounce Religion, Evoke Invisibility, Berserk, Trog's Hand


You were on level 5 of the Dungeon.
You worshipped Trog.
Trog was most pleased with you.
You visited 1 branch of the dungeon, and saw 5 of its levels.

You collected 217 gold pieces.

Inventory:

Hand Weapons
 a - a +0 hand axe
 h - a +0 war axe (weapon)
Armour
 b - a +0 animal skin (worn)
 q - the +1 buckler "Zerghaizeu" (worn) {+Inv Str+2 Dex+2}
   (You found it on level 4 of the Dungeon)

   Str:       It affects your strength (+2).
   Dex:       It affects your dexterity (+2).
   +Inv:      It lets you turn invisible.
Jewellery
 k - a ring of see invisible (left hand)
 n - a ring of magical power
 o - an amulet of the acrobat (around neck)
 w - the ring of Esedir (right hand) {Fire Str+7}
   (You found it on level 5 of the Dungeon)

   [ring of fire]

   It enhances your fire magic.
   Str:       It affects your strength (+7).
   rF:        It protects you from fire.
   rC:        It makes you vulnerable to cold.
Wands
 s - a wand of flame (18)
 u - a wand of polymorph (8)
Scrolls
 c - a scroll of amnesia {unknown}
 d - 3 scrolls of teleportation {unknown}
 e - 2 scrolls of acquirement {unknown}
 g - a scroll of enchant armour {unknown}
 i - 4 scrolls of identify {unknown}
 j - 2 scrolls of silence {unknown}
 m - a scroll of immolation {unknown}
 p - 2 scrolls of blinking {unknown}
 r - a scroll of fog {unknown}
Potions
 f - 4 potions of curing {unknown}
 l - a potion of brilliance {unknown}
 t - a potion of lignification {unknown}
 v - 2 potions of heal wounds {unknown}


   Skills:
 + Level 6.7 Fighting
 + Level 6.6 Axes
 + Level 6.0 Armour
 + Level 5.4 Dodging
 * Level 5.9 Shields


You had 7 spell levels left.
You didn't know any spells.
Your spell library was empty.

Dungeon Overview and Level Annotations

Branches:
Dungeon (5/15)             Temple (0/1) D:4

Altars:
Sif Muna
Uskayaw
Xom

Shops:
D:5 ::*


Innate Abilities, Weirdness & Mutations

You have a pair of horns on your head.
You reflexively headbutt those who attack you in melee.


Message History

The gnoll sergeant hits you from afar with a +0 vorpal spear!
* * * LOW HITPOINT WARNING * * *
x2 You block the gnoll's attack.
You slice the gnoll!!
You kill the gnoll!
Trog accepts your kill.
You slash the gnoll!
You kill the gnoll!
Trog accepts your kill.
You are no longer berserk.
You are exhausted.
You feel yourself slow down. The gnoll misses you.
The gnoll hits you from afar with a +0 spear.
* * * LOW HITPOINT WARNING * * *
The gnoll sergeant barely misses you. The gnoll barely misses you.
The gnoll completely misses you.
The gnoll sergeant hits you with a +0 vorpal spear.
* * * LOW HITPOINT WARNING * * *
x2 The howler monkey hoots and howls with incredible vigour!
The gnoll barely misses you.
Things that are here:
a +0 club; a bubbling yellow potion; a gnoll corpse You hit the gnoll sergeant but do no damage.
You slash the gnoll!
You kill the gnoll!
Trog accepts your kill. The gnoll sergeant barely misses you.
You furiously retaliate!
You headbutt the gnoll sergeant. The gnoll closely misses you.
The gnoll sergeant closely misses you. You furiously retaliate!
You headbutt the gnoll sergeant, but do no damage.
The howler monkey barely misses you.
You hit the gnoll sergeant but do no damage.
The gnoll sergeant is lightly wounded.
You slash the howler monkey! The howler monkey misses you.
The gnoll misses you. The howler monkey barely misses you.
The gnoll hits you from afar with a +0 spear.
* * * LOW HITPOINT WARNING * * *
You block the gnoll sergeant's attack.
The gnoll hits you with a +0 great mace.
You die...

≈§≈..........................#
☼.§######..#...#...#...#...#.#
.≈≈# #...#)#...#:#...#!#..#
..≈# #....#...#...#...#....
≈§≈# ##..†.................
§§## #.#††Z#...#...#...#. ###
##..#.#..g#.#...#(#.
#....#.)g#...#..
#.......@g......
.....#...#.h.#...#
###...#.#...#.# .
#....#...#...# #..............
#..#...#...#...#
#...#.#...#.#... #....# ..#..
#.


You could see a gnoll sergeant, a howler monkey, 2 gnolls and a wyvern skeleton.

Vanquished Creatures
  A wyvern (D:5)
  A sky beast (D:5)
  3 ogres
  A phantom (D:5)
  A scorpion (D:5)
  A water moccasin skeleton (D:4)
  A howler monkey (D:5)
  2 bullfrog zombies (D:5)
  3 hounds (D:5)
  2 centaur zombies (D:5)
  2 gnoll shamans (D:5)
  2 bullfrog skeletons (D:5)
  7 iguanas
  An orc wizard (D:5)
  2 hound skeletons (D:5)
  A howler monkey zombie (D:5)
  8 gnolls
  5 adders
  An ufetubus (D:5)
  An adder skeleton (D:4)
  2 worms
  3 dart slugs
  9 orcs
  8 ball pythons
  3 bats
  10 endoplasms
  3 giant cockroaches
  2 goblins (D:4)
  A hobgoblin (D:1)
  6 jackals
  7 kobolds
  3 quokkas
  A frilled lizard (D:1)
  5 rats
109 creatures vanquished.

Vanquished Creatures (others)
  An adder (D:5)
  An ufetubus (D:5)
  An orc (D:5)
3 creatures vanquished.

Grand Total: 112 creatures vanquished

Notes
Turn   | Place    | Note
-------+----------+-------------------------------------------
     0 | D:1      | browni3141 the Minotaur Berserker began the quest for the
                  | Orb.
     0 | D:1      | Reached XP level 1. HP: 19/19 MP: 0/0
   615 | D:1      | Reached XP level 2. HP: 27/27 MP: 1/1
  1484 | D:2      | Reached XP level 3. HP: 11/33 MP: 2/2
  2362 | D:2      | Reached ** piety under Trog
  2505 | D:3      | Found a faded altar of an unknown god.
  2514 | D:3      | Reached XP level 4. HP: 38/41 MP: 3/3
  3179 | D:3      | Reached XP level 5. HP: 37/47 MP: 4/4
  4097 | D:4      | Reached skill level 5 in Fighting
  4097 | D:4      | Reached skill level 5 in Axes
  4103 | D:4      | Identified the +1 buckler "Zerghaizeu" {+Inv Str+2 Dex+2}
  4168 | D:4      | Found a staircase to the Ecumenical Temple.
  4183 | D:4      | Reached XP level 6. HP: 55/56 MP: 5/5
  4532 | D:4      | Found a shimmering blue altar of Sif Muna.
  4614 | D:5      | Entered Level 5 of the Dungeon
  4640 | D:5      | Reached skill level 1 in Shields
  4648 | D:5      | Found Kiotits's Book Emporium.
  4875 | D:5      | Found Arrotug's Assorted Antiques.
  4882 | D:5      | Found a shimmering altar of Xom.
  4889 | D:5      | Reached XP level 7. HP: 61/61 MP: 6/6
  4902 | D:5      | Reached *** piety under Trog
  4906 | D:5      | Reached skill level 5 in Armour
  5026 | D:5      | Identified the ring of Esedir {Fire Str+7}
  5045 | D:5      | Noticed a wyvern
  5051 | D:5      | Killed a wyvern
  5056 | D:5      | Reached XP level 8. HP: 52/70 MP: 7/7
  5057 | D:5      | Reached skill level 5 in Dodging
  5062 | D:5      | Reached skill level 5 in Shields
  5387 | D:5      | Found a hide-covered altar of Uskayaw.
  5412 | D:5      | Found Jofeh's Book Boutique.
  5495 | D:5      | HP: 3/71 [gnoll sergeant (1)]
  5497 | D:5      | Slain by a gnoll

Illustrated notes

Levels and vault maps discovered:
D:1:      minmay_arrival_five_plusses, layout_loops_corners, serial_glass,
          glass_columns_b, glass_columns_b
D:2:      layout_loops_corners
D:3:      layout_basic, ebering_ecumenical_altar_webs, minmay_bisected
D:4:      layout_cave_pools, nicolae_sif_muna_little_library,
          minmay_temple_entry_wispy, st_stairs_11
D:5:      cheibrodos_fzero, layout_loops_ring,
          mainiacjoe_overflow_cross_hatched, xom_confusion_cloud,
          lemuel_tele_altar, vehumet_altar_wand_db, serial_shops, shop, shop,
          nicolae_take_the_stairs, nicolae_shop_temple_entry_statues_fountains,
          shop

Skill      XL: |  1  2  3  4  5  6  7  8 |
---------------+-------------------------+-----
Fighting       | 4 5 6 |  6.7
Axes           | 4 5 6 |  6.6
Armour         | 3 4 5 6 |  6.0
Dodging        | 3 4 5 |  5.4
Shields        | 2 4 5 |  5.9

Action                   |  1- 3 |  4- 6 |  7- 9 || total
-------------------------+-------+-------+-------++-------
Melee: Hand axe          |    42 |       |       ||    42
       Headbutt          |    10 |    10 |    14 ||    34
       War axe           |    20 |   104 |    61 ||   185
       Punch             |       |     1 |       ||     1
Invok: Berserk           |     1 |     3 |     3 ||     7
Armor: Animal skin       |    10 |    11 |     5 ||    26
Dodge: Dodged            |    44 |    66 |    67 ||   177
Block: Buckler           |       |    10 |    19 ||    29
